 Dungeon Crawl Stone Soup version 0.30-a0-134-gb40fab5c76 (webtiles) character file.

Game seed: 7935852741523851872

3 IdlyInterested the Caller (level 1, -3/13 HPs)
             Began as a Demonspawn Wanderer on Sept 19, 2022.
             Slain by a goblin
             ... wielding a +0 club
              (4 damage)
             ... on level 1 of the Dungeon.
             The game lasted 00:00:53 (133 turns).

IdlyInterested the Caller (Demonspawn Wanderer)      Turns: 133, Time: 00:00:55

Health: -3/13      AC:  2    Str: 12    XL:     1   Next: 41%
Magic:  1/2        EV: 10    Int: 12    God:
Gold:   42         SH:  4    Dex: 13    Spells: 1/2 levels left

rFire   . . .      SeeInvis .    a - +0 rapier
rCold   . . .      Faith    .    b - +0 buckler
rNeg    . . .      Spirit   .    d - +0 robe
rPois   .          Reflect  .    (no helmet)
rElec   .          Harm     .    (no cloak)
rCorr   .          Rampage  .    (no gloves)
Will    .....                    (no boots)
Stlth   ++........               (no amulet)
HPRegen 0.04/turn                (no ring)
MPRegen 0.08/turn                (no ring)

@: no status effects
A: no striking features
a: no special abilities


You were on level 1 of the Dungeon.
You visited 1 branch of the dungeon, and saw 1 of its levels.

You collected 42 gold pieces.

Inventory:

Hand Weapons
 a - a +0 rapier (weapon)
Armour
 b - a +0 buckler (worn)
 d - a +0 robe (worn)
 f - a +0 ring mail
Scrolls
 c - a scroll of fog
 e - a scroll of poison {unknown}


   Skills:
 + Level 0.2 Fighting
 - Level 2.6 Short Blades
 + Level 0.1 Dodging
 * Level 1.2 Stealth
 - Level 1.0 Shields
 - Level 1.0 Spellcasting
 + Level 3.0 Summonings
 - Level 1.0 Evocations


You had one spell level left.
You knew the following spells:

 Your Spells              Type           Power      Damage    Failure   Level
a - Summon Small Mammal   Summ           28%        N/A       12%         1

Your spell library contained the following spells:

 Spells                   Type           Power      Damage    Failure   Level
 Call Canine Familiar     Summ           7%         N/A       34%         3


Dungeon Overview and Level Annotations

Branches:
Dungeon (1/15)

Altars:


Message History

Press: ? - help, Q - select action Dir - look around, f - activate The bat barely misses you. x2; The ball python barely misses you.
The ball python closely misses you.
You hit the bat.
You kill the bat!
Your bat barely misses the ball python.
The ball python bites you. The ball python grabs you.
The ball python constricts you.
You hit the ball python.
You kill the ball python!
You start resting.
Magic restored.
You start resting.
Your bat disappears in a puff of smoke!
HP restored.
Found 9 gold pieces.
You now have 33 gold pieces (gained 11).
You now have 42 gold pieces (gained 9).
An endoplasm comes into view.
A kobold comes into view. It is wielding a +0 whip.
The endoplasm quivers.
A goblin comes into view. It is wielding a +0 club.
The endoplasm freezes you.
You are frozen.
You puncture the endoplasm!
You kill the endoplasm!
The kobold throws a stone.
The stone barely misses you.
Casting: Summon Small Mammal (safe; 12% risk of failure)
Press: ? - help, Q - select action Dir - look around, f - activate The kobold hits you but does no damage.
You closely miss the kobold. The kobold misses you.
You barely miss the kobold. The kobold hits you with a +0 whip.
* * * LOW HITPOINT WARNING * * *
Your rat barely misses the kobold.
You hit the kobold.
The kobold is severely wounded.
The kobold hits you with a +0 whip.
* * * LOW HITPOINT WARNING * * *
Your rat barely misses the kobold.
The kobold hits you but does no damage. The goblin hits you with a +0 club.
You die...

#..........#≈~....
#......)...#~.....
#..........~.....~
#...............~.
#####.#####......~.
#.....# #........~.
#.##### #.#.~.....~
#.#######.#.#~.....
#r@g......#.#≈~....
#.K.......#.#≈~~...
##.......##.##≈~~##
##########.#######
#.


You could see a goblin, a kobold (ally target) and a friendly rat (summoned).

Vanquished Creatures
  A ball python (D:1)
  An endoplasm (D:1)
  A bat (D:1)
3 creatures vanquished.

Notes
Turn   | Place    | Note
-------+----------+-------------------------------------------
     0 | D:1      | IdlyInterested the Demonspawn Wanderer began the quest for
                  | the Orb.
     0 | D:1      | IdlyInterested set off with the following items: a +0
                  | rapier, a +0 buckler, a scroll of fog, a +0 robe; and the
                  | following spell memorised: Summon Small Mammal; and the
                  | following spells available to memorise: Call Canine
                  | Familiar.
     0 | D:1      | Reached XP level 1. HP: 13/13 MP: 2/2
   133 | D:1      | Slain by a goblin

Illustrated notes

Levels and vault maps discovered:
D:1:      enne_arrival_octagon_isle, layout_basic,
          chequers_ecumenical_altar_simple, palyth_stone_intersect,
          dk_noncrumbling_4, minmay_tiny_reverse_x

Action                   || total
-------------------------++-------
Melee: Rapier            ||     8
 Cast: Summon Small Mamm ||     2
Armor: Robe              ||     3
Dodge: Dodged            ||    11
Block: Buckler           ||     1

Table legend: (Time is in decaauts)
 A = Elapsed time spent in this place.
 B = Non-inter-level travel time spent in this place.
 C = Inter-level travel time spent in this place.
 D = Time resting spent in this place.
 E = Time spent auto-exploring this place.
 F = Levels seen in this place.
 G = Mean time per level.
                   A        B        C        D        E       F      G
               +--------+--------+--------+--------+--------+-----+--------+
         Total |    133 |    133 |      0 |     77 |     22 |   1 |  133.0 |
       Dungeon |    133 |    133 |      0 |     77 |     22 |   1 |  133.0 |
               +--------+--------+--------+--------+--------+-----+--------+

Top non-repeatable levels by time:
     D:1: 133 daAuts
